 Dungeon Crawl Stone Soup version 0.24-a0-443-g80245de385 (webtiles) character file.

Game seed: 17789444916636688251

126 forest the Sneak (level 4, -5/23 HPs)
             Began as a Spriggan Assassin on June 21, 2019.
             Was an Initiate of Dithmenos.
             Killed by divine providence
             ... invoked by an orc priest
              (10 damage)
             ... on level 2 of the Dungeon.
             The game lasted 00:05:00 (2761 turns).

forest the Sneak (Spriggan Assassin)                Turns: 2761, Time: 00:05:01

Health: -5/23      AC:  4    Str:  8    XL:     4   Next: 83%
Magic:  5/5        EV: 17    Int: 12    God:    Dithmenos [......]
Gold:   137        SH:  0    Dex: 17    Spells: 3/3 levels left

rFire    . . .     SeeInvis +   a - +3 dagger
rCold    . . .     Gourm    .   (shield restricted)
rNeg     . . .     Faith    .   b - +1 robe
rPois    .         Spirit   .   (helmet restricted)
rElec    .         Reflect  .   c - +0 cloak
rCorr    .         Harm     .   (gloves unavailable)
MR       .....                  (boots unavailable)
Stlth    ++++......             (no amulet)
HPRegen  0.07/turn              (no ring)
MPRegen  0.09/turn              (no ring)

@: flying, very quick
A: very small, unfitting armour, see invisible, blink, herbivore, speed 3, slow
metabolism 2, MP-powered wands
a: Blink, Renounce Religion


You were on level 2 of the Dungeon.
You worshipped Dithmenos.
Dithmenos was noncommittal.
You were not hungry.

You visited 1 branch of the dungeon, and saw 3 of its levels.

You collected 137 gold pieces.

Inventory:

Hand Weapons
 a - a +3 dagger (weapon)
 s - a +0 hunting sling
Missiles
 e - 2 curare-tipped darts (quivered)
 g - 52 stones
 k - 20 sling bullets
Armour
 b - a +1 robe (worn)
 c - a +0 cloak (worn)
Scrolls
 q - a scroll of enchant armour
Potions
 h - a potion of magic {unknown}
 j - 2 potions of curing
 m - 2 potions of brilliance {unknown}
 n - a potion of might {unknown}
 o - a potion of heal wounds {unknown}
 p - a potion of cancellation
Comestibles
 f - 7 rations


   Skills:
 + Level 2.1 Fighting
 + Level 3.5 Short Blades
 + Level 2.4 Throwing
 + Level 1.9 Dodging
 + Level 7.5 Stealth


You had 3 spell levels left.
You didn't know any spells.
Your spell library was empty.

Dungeon Overview and Level Annotations

Branches:
Dungeon (3/15)

Altars:
Dithmenos
Nemelex Xobeh

Annotations:
D:3 Ijyb


Innate Abilities, Weirdness & Mutations

You are very small and have problems with some larger weapons.
You are too small for most types of armour.
You have supernaturally acute eyesight. (SInv)
You are a herbivore.
You cover ground extremely quickly.
You need to consume almost no food.
You can translocate small distances at will.
You expend magic power (3 MP) to strengthen your wands.


Message History

You barely miss the orc priest. The orc hits you but does no damage.
The orc misses you.
The orc priest mumbles some strange prayers to Beogh against you.
You struggle to resist.
As you read the scroll of fog, it crumbles to dust.
The scroll dissolves into smoke.
The orc closely misses you. The orc priest closely misses you.
The orc closely misses you.
It was a potion of mutation.
You feel extremely strange.
You feel your magical essence link to your wands.
You feel jittery. The orc barely misses you. The orc priest closely misses you.
Okay, then.
It was a potion of cancellation.
You feel magically purged. The orc barely misses you.
The orc closely misses you.
It was a potion of flight.
You feel very buoyant.
You fly up into the air.
The orc priest invokes the aid of Beogh against you.
Beogh smites you!
You die...

#...##.###.###.# #.##
#.###...#.####<#####.##
#.# #.##.##.......##.##
#.# #.#####.##.#...)...
#.# #.# #.##>#..##.##
#.# #.# #..........#
#.# #o# #..#.#..####
#.# #o#####..#.[..##
#.# #o@o§..........#
#.# ##########.#...####
#######.######
#........#
#............#
##....##.#
#.#####.####.####
####.##.# #§#
#.#.......## #.##.# #§#
#.#.##.....# #.##.# #§#
#.#.##.....# #.##.# #§#
#...##.....# #.##.#


You could see an orc priest and 3 orcs.

Vanquished Creatures
  5 adders
  An ooze (D:2)
  An adder zombie (D:2)
  A worm (D:2)
  2 dart slugs
  4 leopard geckos
  6 orcs
  A ball python (D:2)
  2 giant cockroaches
  5 goblins
  6 hobgoblins
  7 bats
  5 frilled lizards
  7 kobolds
  6 rats
59 creatures vanquished.

Notes
Turn   | Place    | Note
-------+----------+-------------------------------------------
     0 | D:1      | forest the Spriggan Assassin began the quest for the Orb.
     0 | D:1      | Reached XP level 1. HP: 10/10 MP: 2/2
    38 | D:1      | Reached skill level 6 in Stealth
   146 | D:1      | Reached XP level 2. HP: 15/15 MP: 3/3
   580 | D:2      | Reached XP level 3. HP: 18/18 MP: 4/4
   705 | D:2      | Reached skill level 7 in Stealth
  1131 | D:2      | Reached XP level 4. HP: 18/23 MP: 5/5
  2007 | D:3      | Found a sparkling altar of Nemelex Xobeh.
  2298 | D:3      | Found a shadowy altar of Dithmenos.
  2311 | D:3      | Became a worshipper of Dithmenos the Shadowed
  2345 | D:3      | Noticed Ijyb
  2759 | D:2      | Gained mutation: You expend magic power (3 MP) to
                  | strengthen your wands. [potion of mutation]
  2759 | D:2      | Gained mutation: You can translocate small distances at
                  | will. [potion of mutation]
  2761 | D:2      | Killed from afar by an orc priest

Levels and vault maps discovered:
D:1:      minmay_arrival_checkered_box, layout_rooms, bh_walls_and_bars
D:2:      layout_loops_ring
D:3:      layout_rooms, nemelex_xobeh_ov_fountains_minmay,
          nicolae_dithmenos_through_a_glass_darkly,
          chequers_ecumenical_altar_island, minmay_shallow_snake_nest,
          uniq_grinder, uniq_ijyb

Skill      XL: |  1  2  3 |
---------------+----------+-----
Stealth        | 6 7 |  7.5
Fighting       | 2 |  2.1
Short Blades   | 3 |  3.5
Throwing       | |  2.4
Dodging        | |  1.9

Action                   |  1- 3 |  4- 6 || total
-------------------------+-------+-------++-------
Melee: Dagger            |    83 |    88 ||   171
Throw: Dart              |    10 |    14 ||    24
  Use: Scroll            |     4 |     4 ||     8
       Potion            |       |     3 ||     3
 Stab: Sleeping          |    18 |     3 ||    21
       Distracted        |     1 |       ||     1
Armor: Robe              |    10 |    12 ||    22
Dodge: Dodged            |    49 |    87 ||   136

Table legend:
 A = Non-vault XP
 B = Vault XP
 C = Vault XP percentage of total XP
 D = Non-vault monster count
 E = Vault monster count
 F = Vault count percentage of total count
                 A         B        C        D         E       F
            +---------+---------+-------+---------+---------+-------
      Total |     180 |       0 |   0.0 |      59 |       0 |   0.0
            +---------+---------+-------+---------+---------+-------
        D:1 |      34 |       0 |   0.0 |      19 |       0 |   0.0
        D:2 |     128 |       0 |   0.0 |      37 |       0 |   0.0
        D:3 |      18 |       0 |   0.0 |       3 |       0 |   0.0
            +---------+---------+-------+---------+---------+-------
